 Dungeon Crawl Stone Soup version 0.22.1-1-ga44c0e5 (webtiles) character file.

7435 Irenicus the Cleaver (level 10, -9/141 HPs)
             Began as a Deep Dwarf Monk on Oct 6, 2018.
             Was an Elder of Makhleb.
             Mangled by Snorg (12 damage)
             ... on level 2 of the Orcish Mines.
             The game lasted 00:36:18 (5600 turns).

Irenicus the Cleaver (Deep Dwarf Monk)              Turns: 5600, Time: 00:36:19

Health: -9/141     AC: 19    Str: 19    XL:     10   Next: 93%
Magic:  12/12      EV: 20    Int: 12    God:    Makhleb [****..]
Gold:   270        SH:  3    Dex: 21    Spells: 9/9 levels left

rFire    . . .     SeeInvis .   b - +2 hand axe (freeze)
rCold    . . .     Gourm    .   (no shield)
rNeg     . . .     Faith    .   I - +3 leather armour
rPois    .         Spirit   .   f - +0 helmet
rElec    .         Reflect  +   (no cloak)
rCorr    .         Harm     .   K - +2 pair of gloves {Dex+3}
MR       +....                  i - +1 pair of boots
Stlth    ..........             G - +3 amulet of reflection
HPRegen  0.00/turn              p - +6 ring of protection
MPRegen  0.13/turn              x - +4 ring of evasion

@: berserking, non-regenerating, very quick
A: damage resistance, heal wounds, sense surroundings 2, no regeneration
a: Heal Wounds, Minor Destruction, Lesser Servant of Makhleb, Major Destruction,
Renounce Religion


You were on level 2 of the Orcish Mines.
You worshipped Makhleb.
Makhleb was greatly pleased with you.
You were not hungry.

You visited 3 branches of the dungeon, and saw 12 of its levels.

You collected 683 gold pieces.
You spent 413 gold pieces at shops.

Inventory:

Hand Weapons
 a - a +1 hand axe
 b - a +2 hand axe of freezing (weapon)
   (You took it off an orc on level 3 of the Dungeon)
 D - the +3 short sword of the World {drain, rElec rF+ Dex-4}
   (You found it on level 7 of the Dungeon)

   A truly terrible weapon, it drains the life of those it strikes.
   It affects your dexterity (-4).
   It protects you from fire.
   It insulates you from electricity.
Armour
 f - a +0 helmet (worn)
   (You found it on level 1 of the Dungeon)
 i - a +1 pair of boots (worn)
   (You found it on level 4 of the Dungeon)
 k - a +0 buckler
   (You found it on level 2 of the Dungeon)
 A - +0 ice dragon scales
   (You found it on level 7 of the Dungeon)
 I - a +3 leather armour (worn)
   (You took it off an orc priest on level 8 of the Dungeon)
 K - a +2 pair of gloves of dexterity (worn)
   (You bought it in a shop on level 1 of the Orcish Mines)
Magical Staves
 s - an uncursed staff of energy {@w1+MP, hungerless spells, !d!a}
   (You found it on level 5 of the Dungeon)
Jewellery
 m - an uncursed ring of positive energy {rN+}
   (You found it on level 4 of the Dungeon)
 p - a +6 ring of protection (left hand)
   (You found it on level 3 of the Dungeon)
 x - a +4 ring of evasion (right hand)
   (You found it on level 6 of the Dungeon)
 G - a +3 amulet of reflection (around neck)
   (You found it on level 8 of the Dungeon)
Wands
 y - a wand of acid (1)
   (You found it on level 6 of the Dungeon)
 B - a wand of flame (23)
   (You took it off Duvessa on level 7 of the Dungeon)
 H - a wand of paralysis (8)
   (You found it on level 9 of the Dungeon)
Scrolls
 d - 5 scrolls of teleportation
 e - 3 scrolls of remove curse
 j - 2 scrolls of immolation {!r}
 l - a scroll of fog
 o - 2 scrolls of identify
 z - 2 scrolls of blinking {!r}
 F - a scroll of magic mapping {!r}
Potions
 h - 4 potions of curing
 n - a potion of might
 q - a potion of heal wounds
 r - a potion of invisibility
 t - 2 potions of cancellation
 v - 2 potions of agility
 E - a potion of magic
Miscellaneous
 J - a crystal ball of energy
   (You found it on level 9 of the Dungeon)
Comestibles
 c - 16 rations


   Skills:
 - Level 7.3 Fighting
 - Level 14.5 Axes
 - Level 4.0 Armour
 + Level 5.4 Dodging
 - Level 2.4 Stealth
 + Level 4.5 Evocations


You had 9 spell levels left.
You didn't know any spells.
Your spell library contained the following spells:

 Spells                   Type           Power        Failure   Level  Hunger
 Confusing Touch          Hex            #.....       36%         1    ##.....
 Confuse                  Hex            #.......     75%         3    ####...
 Gell's Gravitas          Tloc           #.........   75%         3    ####...
 Petrify                  Tmut/Erth      #.......     98%         4    #####..
 Metabolic Englaciation   Hex/Ice        #.........   100%        5    ######.
 Yara's Violent Unravell  Hex/Tmut       #.........   100%        5    ######.


Dungeon Overview and Level Annotations

Branches:
Dungeon (9/15)             Temple (1/1) D:5             Orc (2/2) D:9
   Lair: D:8-11         Elf: Orc:2

Altars:
Ashenzari
Cheibriados
Dithmenos
Elyvilon
Fedhas
Gozag
Hepliaklqana
Kikubaaqudgha
Makhleb
Nemelex Xobeh
Okawaru
Qazlal
Ru
Sif Muna
Trog
Uskayaw
Vehumet
Wu Jian
Xom
Yredelemnul
Zin
The Shining One

Shops:
D:6 ?   Orc:1 [   Orc:2 *

Annotations:
D:7 Dowan
D:8 1 runed door, baljet's ghost, novice HOFi
Orc:1 exclusion: downstairs
Orc:2 Saint Roka; Snorg


Innate Abilities, Weirdness & Mutations

You are resistant to damage.
You can heal yourself by infusing magical energy.
You passively map the area around you.
You do not regenerate.


Message History

You slide downwards.
The hatch slams shut behind you.
Level annotation: Saint Roka An orc and Snorg come into view.
Snorg shouts!
Okay, then.
The orc warrior throws an exploding tomahawk.
The exploding tomahawk completely misses you.
The exploding tomahawk explodes!
The explosion of tomahawk fragments engulfs you!
You hear a shout! x2
An orc comes into view. It is wielding a whip.
Aim: Snorg Snorg easily resists.
An orc comes into view. It is wielding a dagger.
Aim: Snorg The mass of ice explodes!
The iceblast engulfs Snorg.
The iceblast engulfs the orc.
You kill the orc!
Makhleb accepts your kill.
You feel better.
The iceblast engulfs the orc warrior.
The orc shouts!
You hear a shout!
The orc throws a tomahawk.
The tomahawk hits you but does no damage.
Aim: an orc warrior, wielding a dire flail and wearing a chain mail The bolt of acid hits Snorg.
Snorg is splashed with acid.
The bolt of acid hits the orc warrior.
The orc warrior is splashed with acid.
The orc throws a tomahawk.
The tomahawk closely misses you. Snorg misses you. Snorg closely misses you.
Snorg claws you but does no damage.
Aim: an orc warrior, wielding a dire flail and wearing a chain mail The bolt of acid misses Snorg.
The bolt of acid hits the orc warrior.
The orc warrior appears unharmed.
The bolt of acid hits the orc warrior.
The orc warrior is splashed with acid.
Snorg bites you! Snorg claws you but does no damage. Snorg closely misses you.
You take 12 damage, and have 55/94 hp.
Aim: an orc warrior, wielding a dire flail and wearing a chain mail (moderately The bolt of acid hits Snorg.
Snorg is splashed with acid.
The acid corrodes Snorg!
The bolt of acid hits the orc warrior.
The orc warrior is splashed with acid.
You kill the orc warrior!
Makhleb accepts your kill. The orc warrior closely misses you.
Snorg completely misses you. Snorg claws you but does no damage.
Snorg completely misses you.
Saint Roka mumbles some strange prayers to Beogh against you.
Beogh smites you!
You take 11 damage, and have 44/94 hp.
Aim: Snorg (heavily wounded, covered in acid) Snorg resists with almost no effort.
The now-empty wand crumbles to dust.
The orc warrior completely misses you. Snorg bites you!
Snorg closely misses you. Snorg barely misses you.
Saint Roka invokes the aid of Beogh against you.
Beogh smites you!
* * * LOW HITPOINT WARNING * * *
You take 27 damage, and have 17/94 hp.
MASSIVE DAMAGE!!
An orc wizard comes into view. It is wielding a dagger.
You don't have any such object.
You don't have any such object.
Okay, then.
Okay, then.
Okay, then.
You feel much better.
The orc wizard gestures wildly while chanting.
The orc wizard blinks!
Snorg bites you but does no damage. Snorg claws you but does no damage.
Snorg claws you!
* * * LOW HITPOINT WARNING * * *
Saint Roka calls down the wrath of Beogh upon you.
Beogh smites you!
* * * LOW HITPOINT WARNING * * *
You regained 4 hp, and now have 21/94 hp.
Really quaff
C - a potion of berserk rage {!q}?
A red film seems to cover your vision as you go berserk!
You feel yourself moving faster!
You feel mighty!
An orc warrior comes into view. It is wielding a scimitar.
The orc warrior misses you.
Snorg goes berserk!
Saint Roka roars a battlecry!
The orcs go into a battle-frenzy!
You now have 31/141 hp.
The orc warrior shouts!
You hit Snorg. You freeze Snorg. You barely miss the troll.
You hit the orc warrior but do no damage.
You hit the orc. You freeze the orc. Snorg bites you!
* * * LOW HITPOINT WARNING * * *
Snorg closely misses you. Snorg misses you.
You take 12 damage, and have 19/141 hp.
You slash Snorg! You freeze Snorg. You closely miss the orc.
You hit the orc warrior. You freeze the orc warrior.
You kill the orc warrior!
Makhleb accepts your kill.
You feel better.
You barely miss the troll. The troll bites you!
* * * LOW HITPOINT WARNING * * *
The troll claws you!
* * * LOW HITPOINT WARNING * * *
The troll claws you.
* * * LOW HITPOINT WARNING * * *
Saint Roka calls down the wrath of Beogh upon you.
Beogh smites you!
* * * LOW HITPOINT WARNING * * *
You take 16 damage, and have 3/141 hp.
You slash Snorg! You freeze Snorg. You barely miss the orc.
You barely miss the troll. Snorg bites you!
You die...

* , * , , , *, *
,, , , , , , , .
, * ** ,.. ..
..$##. , ,...#$.
, ,, .$....### ##
,, ......o@##.##
,,, .....o.TT...#
, * .....o.oo...#
, , .....oo.##.##
,,, ,
.$...#))#### ,
..........## ,
,..$....o...##
..ยง#....o.....#
*,
,............#.##


You could see Saint Roka, Snorg (berserk), a troll, an orc warrior and 7 orcs.

Vanquished Creatures
  Pikel (D:9)
  An orc knight (Orc:1)
  An orc sorcerer (Orc:1)
  3 trolls (Orc:1)
  3 hippogriffs
  A wyvern (D:8)
  2 hungry ghosts
  Menkaure (D:5)
  A water moccasin (D:5)
  Duvessa (D:7)
  2 phantoms
  7 orc warriors
  A swamp drake (D:9)
  2 black bears
  A slave (D:9)
  3 ogres
  2 centaurs
  2 big kobolds
  4 bullfrogs
  Blork the orc (D:6)
  A gnoll sergeant (D:6)
  2 scorpions
  A water moccasin skeleton (D:9)
  A howler monkey (D:4)
  4 crimson imps
  A quasit (D:8)
  5 hounds
  3 jellies
  10 orc priests
  10 orc wizards
  2 bullfrog skeletons
  A centaur skeleton (D:8)
  Natasha (thrice) (D:3)
  5 iguanas
  8 worker ants
  A worker ant zombie (D:6)
  8 gnolls
  A howler monkey skeleton (D:4)
  13 adders
  3 shadow imps
  2 adder zombies
  3 dart slugs
  3 leopard geckos
  45 orcs
  7 giant cockroaches
  7 goblins
  3 hobgoblins
  2 jackals (D:3)
  13 kobolds
  2 quokkas
  2 ball pythons
  10 bats
  8 frilled lizards
  2 leopard gecko skeletons
  A quokka skeleton (D:4)
  8 rats
241 creatures vanquished.

Vanquished Creatures (others)
  An orc warrior (D:9)
  An eye of draining (D:9)
  An orc wizard (D:9)
3 creatures vanquished.

Grand Total: 244 creatures vanquished

Notes
Turn   | Place    | Note
-------+----------+-------------------------------------------
     0 | D:1      | Irenicus the Deep Dwarf Monk began the quest for the Orb.
     0 | D:1      | Reached XP level 1. HP: 20/20 MP: 1/1
    68 | D:1      | Reached XP level 2. HP: 25/27 MP: 2/2
    69 | D:1      | Reached skill level 4 in Axes
   256 | D:1      | Reached XP level 3. HP: 27/33 MP: 3/3
   440 | D:2      | Reached skill level 5 in Axes
   608 | D:2      | Reached XP level 4. HP: 19/40 MP: 4/4
   917 | D:3      | Noticed Natasha
   921 | D:3      | HP: 8/40 [Natasha/magic dart (8)]
   930 | D:3      | HP: 6/40 [iron imp[Natasha] (10)]
   931 | D:3      | Killed Natasha
  1026 | D:3      | Reached skill level 6 in Axes
  1095 | D:3      | Reached XP level 5. HP: 17/46 MP: 5/5
  1098 | D:3      | HP: 8/46 [orc priest/divine providence (9)]
  1123 | D:3      | Reached skill level 7 in Axes
  1129 | D:3      | Reached XP level 6. HP: 24/55 MP: 5/5
  1261 | D:3      | Noticed Natasha
  1274 | D:3      | Killed Natasha
  1281 | D:3      | HP: 13/55 [orc priest/divine providence (11)]
  1297 | D:3      | Reached skill level 8 in Axes
  1422 | D:3      | Noticed Natasha
  1435 | D:3      | HP: 9/55 [Natasha/magic dart (4)]
  1436 | D:3      | Killed Natasha
  1575 | D:4      | Reached XP level 7. HP: 43/61 MP: 6/6
  1581 | D:4      | Reached skill level 9 in Axes
  1729 | D:4      | Reached skill level 10 in Axes
  1747 | D:5      | Entered Level 5 of the Dungeon
  1747 | D:5      | Noticed Menkaure
  1755 | D:5      | Killed Menkaure
  1761 | D:5      | Found a staircase to the Ecumenical Temple.
  1816 | D:5      | Reached XP level 8. HP: 35/68 MP: 7/7
  1859 | Temple   | Entered the Ecumenical Temple
  1958 | Temple   | Became a worshipper of Makhleb the Destroyer
  1958 | Temple   | Reached * piety under Makhleb
  1958 | Temple   | Reached ** piety under Makhleb
  2460 | D:5      | Found a white marble altar of Elyvilon.
  2535 | D:5      | Reached skill level 11 in Axes
  2737 | D:6      | Reached skill level 1 in Armour
  2773 | D:6      | Reached skill level 2 in Armour
  2884 | D:6      | Reached skill level 3 in Armour
  2934 | D:6      | Noticed Blork the orc
  2944 | D:6      | Killed Blork the orc
  2980 | D:6      | Reached skill level 12 in Axes
  2980 | D:6      | Reached skill level 4 in Armour
  3141 | D:6      | Found an opulent altar of Gozag.
  3193 | D:6      | Found a bloodstained altar of Trog.
  3211 | D:6      | Found Zexuner's Magic Scroll Emporium.
  3211 | D:6      | Noticed a hippogriff
  3224 | D:6      | Killed a hippogriff
  3224 | D:6      | Gained mutation: You passively map the area around you.
                  | [Deep Dwarf growth]
  3224 | D:6      | Reached XP level 9. HP: 51/74 MP: 8/8
  3257 | D:6      | Bought a scroll of blinking for 97 gold pieces
  3257 | D:6      | Bought a scroll of identify for 26 gold pieces
  3257 | D:6      | Bought a scroll of identify for 26 gold pieces
  3387 | D:7      | Noticed Dowan
  3387 | D:7      | Noticed Duvessa
  3398 | D:7      | Killed Duvessa
  3398 | D:7      | Reached skill level 3 in Fighting
  3514 | D:7      | Got a transparent short sword
  3523 | D:7      | Identified the cursed +3 short sword of the World {drain,
                  | rElec rF+ Dex-4} (You found it on level 7 of the Dungeon)
  3593 | D:7      | Reached *** piety under Makhleb
  3682 | D:8      | Reached skill level 4 in Fighting
  3682 | D:8      | Reached skill level 13 in Axes
  3894 | D:8      | Found a runed door.
  3897 | D:8      | Found a shimmering altar of Xom.
  3897 | D:8      | Noticed baljet's ghost (novice HOFi)
  3897 | D:8      | Noticed a short sword of chaos
  4091 | D:8      | Reached skill level 5 in Fighting
  4106 | D:8      | Found a shattered altar of Ashenzari.
  4108 | D:8      | Found a stormy altar of Qazlal.
  4115 | D:8      | Found an opulent altar of Gozag.
  4454 | D:8      | Reached XP level 10. HP: 91/91 MP: 9/9
  4694 | D:9      | Noticed Pikel
  4722 | D:9      | Killed Pikel
  4722 | D:9      | Reached skill level 6 in Fighting
  4726 | D:9      | Found a sparkling altar of Nemelex Xobeh.
  4900 | D:9      | Reached skill level 14 in Axes
  5011 | D:9      | Reached **** piety under Makhleb
  5039 | D:9      | Found a staircase to the Orcish Mines.
  5151 | Orc:1    | Entered Level 1 of the Orcish Mines
  5151 | Orc:1    | Noticed an orc sorcerer
  5163 | Orc:1    | Reached skill level 7 in Fighting
  5174 | Orc:1    | HP: 5/94 [orc sorcerer/bolt of fire (29)]
  5176 | Orc:1    | Killed an orc sorcerer
  5203 | Orc:1    | Found Syof's Armour Shoppe.
  5251 | Orc:1    | Bought a +1 pair of gloves of dexterity for 264 gold pieces
  5324 | Orc:1    | Reached skill level 4 in Dodging
  5324 | Orc:1    | Reached skill level 1 in Evocations
  5358 | Orc:1    | Reached skill level 2 in Evocations
  5385 | Orc:1    | Noticed an orc knight
  5398 | Orc:1    | Killed an orc knight
  5398 | Orc:1    | Reached skill level 5 in Dodging
  5398 | Orc:1    | Reached skill level 4 in Evocations
  5486 | Orc:2    | Entered Level 2 of the Orcish Mines
  5486 | Orc:2    | Found Vytror's Assorted Antiques.
  5504 | Orc:2    | Noticed Saint Roka
  5579 | Orc:2    | Noticed Snorg
  5594 | Orc:2    | HP: 17/94 [Saint Roka/divine providence (13)]
  5599 | Orc:2    | HP: 15/141 [troll[Saint Roka] (8)]
  5599 | Orc:2    | HP: 3/141 [Saint Roka/divine providence (5)]
  5600 | Orc:2    | Mangled by Snorg

Skill      XL: |  1  2  3  4  5  6  7  8  9 10 |
---------------+-------------------------------+-----
Axes           | 4 5 6 7 8 10 12 13 14 | 14.5
Armour         | 4 |  4.0
Fighting       | 5 7 |  7.3
Dodging        | 5 |  5.4
Evocations     | 4 |  4.5
Stealth        | |  2.4

Action                   |  1- 3 |  4- 6 |  7- 9 | 10-12 || total
-------------------------+-------+-------+-------+-------++-------
Melee: Hand axe          |   103 |   149 |   449 |   211 ||   912
 Abil: Heal Wounds       |       |     5 |       |     5 ||    10
Evoke: Wand              |       |       |     8 |    35 ||    43
  Use: Scroll            |       |     7 |     6 |     4 ||    17
       Potion            |       |     4 |     1 |     2 ||     7
 Stab: Sleeping          |     4 |     1 |     8 |     1 ||    14
       Invisible         |       |     5 |       |       ||     5
       Distracted        |       |       |     1 |       ||     1
       Paralysed         |       |       |       |     6 ||     6
  Eat: Chunk             |       |     2 |     6 |     1 ||     9
       Ration            |       |       |     3 |     1 ||     4
Armor: Robe              |    23 |       |       |       ||    23
       Leather armour    |       |    48 |   117 |    65 ||   230
Dodge: Dodged            |    85 |   118 |   232 |   143 ||   578
Block: Other             |       |       |     6 |    19 ||    25
       Reflection        |       |       |       |     2 ||     2

Vault maps used:
D:1:      grunt_arrival_crossed_arrows
D:2:      serial_park_tiny_2, minmay_tiny_reverse_x
D:3:      nrook_mini_backslash, uniq_natasha
D:4:      first_ration, minmay_joined_circles
D:5:      minmay_temple_entry_statues_pillars, elyvilon_altar_3, uniq_menkaure
D:6:      marbit_many_paths, serial_shops, shop, grunt_gozag_breadcrumbs,
          uniq_blork_the_orc
D:7:      uniq_duvessa
D:8:      gammafunk_temple_overflow_forgotten, ebering_ghost_xom,
          hangedman_minor_gate_pass
D:9:      erik_orc_1, grunt_pizzeria, nemelex_altar_shiori, uniq_pikel
Temple:   dpeg_five_rooms_temple
Orc:1:    serial_shops, nicolae_shop_waterfront
Orc:2:    kennysheep_orc_mage_school, serial_shops, nicolae_shop_waterfront,
          shop, uniq_snorg, uniq_saint_roka

Table legend:
 A = Turns spent in this place as a percentage of turns spent in the entire game.
 B = Non-inter-level travel turns spent in this place as a percentage of non-inter-level travel turns spent in the entire game.
 C = Inter-level travel turns spent in this place as a percentage of turns spent in this place.
 D = Turns resting spent in this place as a percentage of non-inter-level travel turns spent in this place.
 E = Turns spent auto-exploring this place as a percentage of non-inter-level travel turns spent in this place.
 F = Non-inter-level travel turns spent in this place divided by the number of levels of this place that you've seen.
                   A       B       C       D       E      F
               +-------+-------+-------+-------+-------+----------------------
         Total | 100.0 | 100.0 |   3.1 |   0.0 |   0.3 | 452.1
       Dungeon |  89.2 |  89.3 |   2.9 |   0.0 |   0.4 | 538.6
        Temple |   2.8 |   2.9 |   0.0 |   0.0 |   0.0 | 158.0
  Orcish Mines |   8.0 |   7.7 |   6.5 |   0.0 |   0.0 | 210.0
               +-------+-------+-------+-------+-------+----------------------

Table legend:
 A = Kills in this place as a percentage of kills in entire the game.
 B = Kills by you in this place as a percentage of kills by you in the entire game.
 C = Kills by friends in this place as a percentage of kills by friends in the entire game.
 D = Other kills in this place as a percentage of other kills in the entire game.
 E = Experience gained in this place as a percentage of experience gained in the entire game.
 F = Experience gained in this place divided by the number of levels of this place that you have seen.
                   A       B       C       D       E      F
               +-------+-------+-------+-------+-------+----------------------
         Total | 100.0 | 100.0 |   N/A | 100.0 | 100.0 | 885.2
       Dungeon |  90.5 |  90.4 |   N/A | 100.0 |  70.7 | 834.0
  Orcish Mines |   9.5 |   9.6 |   N/A |   0.0 |  29.3 | 1558.0
               +-------+-------+-------+-------+-------+----------------------
